Map: Tours du crépuscule

Players

Erazjel - Winner!

  • Race: Protoss Protoss
  • League: Gold
  • Spawn Location: 7:00

zidar

  • Race: Zerg Zerg
  • League: Gold
  • Spawn Location: 1:00

VOD

Have the link to the VOD?

Description

Time

  • Played on: June 12, 2016, 12:35 p.m.
  • Length: 7:28
Show
View Real Time Build Order
Export as new Build Order

Erazjel Protoss - Winner!

Build Orders:  

Get SALT Encoding   

  12  0:02  Probe (Chrono Boost)  
  13  0:13  Probe (Chrono Boost)  
  14  0:18  Pylon  
  14  0:23  Probe (Chrono Boost)  
  15  0:36  Probe (Chrono Boost)  
  15  0:40  Gateway  
  16  0:47  Probe (Chrono Boost)  
  17  0:57  Probe (Chrono Boost), Assimilator  
  18  1:17  Gateway  
  18  1:18  Pylon  
  18  1:20  Probe (Chrono Boost)  
  19  1:31  Probe (Chrono Boost)  
  20  1:34  Zealot  
  22  1:40  Cybernetics Core  
  22  1:41  Probe (Chrono Boost)  
  23  1:52  Probe (Chrono Boost)  
  24  2:03  Pylon  
  24  2:11  Zealot  
  26  2:18  Robotics Facility  
  26  2:28  Assimilator  
  26  2:29  Warp Gate (Chrono Boost)  
  26  2:50  Nexus  
  26  2:56  Adept (Chrono Boost)  
  28  3:01  Adept (Chrono Boost)  
  30  3:07  Observer  
  31  3:15  Pylon  
  31  3:16  Probe  
  32  3:25  Adept (Chrono Boost)  
  34  3:28  Probe  
  34  3:34  Adept (Chrono Boost)  
  39  3:42  Mothership Core (Chrono Boost)  
  39  3:54  Warp Prism  
  38  4:00  Adept (Chrono Boost)  
  43  4:10  Probe x2  
  44  4:22  Probe x2  
  44  4:23  Assimilator  
  46  4:37  Gateway  
  46  4:38  Gateway  
  46  5:05  Immortal  
  50  5:20  Zealot x2  
  54  5:42  Probe x2  
  50  5:44  Immortal, Stalker x2  
  54  5:54  Probe x2  
  56  5:59  Gateway  
  56  6:00  Adept  
  56  6:01  Gateway  
  56  6:02  Adept  
  60  6:06  Probe x2  
  62  6:16  Pylon  
  62  6:20  Pylon  
  62  6:34  Probe x2  
  60  6:43  Stalker x4  
  60  6:46  Probe, Immortal  
  70  6:47  Probe  
  74  6:57  Pylon  
  74  6:58  Probe  
  75  7:04  Sentry  
Show
View Real Time Build Order
Export as new Build Order

zidar Zerg 

Build Orders: Pool First 

Get SALT Encoding   

  12  0:01  Drone  
  13  0:12  Overlord  
  13  0:18  Drone  
  14  0:30  Drone x2  
  14  0:34  Drone  
  17  0:48  Spawning Pool  
  16  0:51  Drone  
  17  1:20  Hatchery  
  16  1:27  Extractor  
  15  1:38  Drone  
  15  1:39  Drone x2  
  17  1:47  Spawning Pool  
  16  1:59  Queen  
  18  2:05  Drone x2  
  20  2:15  Drone  
  21  2:22  Overlord  
  21  2:26  Extractor  
  20  2:35  Queen  
  23  2:42  Metabolic Boost  
  23  3:04  Roach Warren, Drone  
  23  3:05  Drone  
  24  3:09  Extractor  
  24  3:11  Lair  
  23  3:20  Drone x3  
  23  3:24  Drone  
  27  3:37  Drone x3  
  30  3:51  Drone x3  
  33  4:02  Roach  
  35  4:05  Overlord x2  
  35  4:06  Overlord  
  35  4:23  Pneumatized Carapace  
  35  4:39  Drone x6  
  35  4:45  Hatchery  
  40  4:47  Hydralisk Den  
  37  4:57  Roach x3  
  40  5:14  Roach x3  
  43  6:01  Queen  
  45  6:08  Roach x5, Hydralisk x2  
  59  6:18  Drone  
  59  6:20  Drone  
  59  6:22  Evolution Chamber x2  
  59  6:23  Drone  
  54  6:55  Hydralisk  
Tags
 
Add a new tag
Caveats
  • Supply blocks, unpowered buildings, or Contaminate may cause inaccurate times.
  • Supply counts are checked every 10 seconds.